 Dungeon Crawl Stone Soup version 0.29-a0-8-g0446c0dae4 (webtiles) character file.

Game seed: 12596208591087770736

17 shoop the Sneak (level 2, 0/20 HPs)
             Began as a Vampire Artificer on Jan 27, 2022.
             Was a Priest of Ru.
             Slain by an adder (3 damage)
             ... on level 2 of the Dungeon.
             The game lasted 00:02:31 (897 turns).

shoop the Sneak (Vampire Artificer)                  Turns: 897, Time: 00:02:32

Health: 0/20       AC:  3    Str: 11    XL:     2   Next: 44%
Magic:  11/11      EV: 12    Int: 13    God:    Ru [***...]
Gold:   64         SH:  0    Dex: 14    Spells: 1/1 levels left

rFire   . . .      SeeInvis +   h - +0 dagger
rCold   . . .      Faith    .   (shield unavailable)
rNeg    . . .      Spirit   .   b - +0 leather armour
rPois   .          Reflect  .   (no helmet)
rElec   .          Harm     .   (no cloak)
rCorr   .          Rampage  .   (no gloves)
Will    .....                   (no boots)
Stlth   ++........              (no amulet)
HPRegen 0.26/turn               (ring unavailable)
MPRegen 0.12/turn               i - ring of magical power

@: healing quickly
A: alive, fangs 3, see invisible, missing a hand, vampiric 1
a: Exsanguinate, Renounce Religion, Draw Out Power


You were on level 2 of the Dungeon.
You worshipped Ru.
Ru was most pleased with you.
You visited 1 branch of the dungeon, and saw 2 of its levels.

You collected 64 gold pieces.

Inventory:

Hand Weapons
 a - a +0 club
 f - a +0 short sword
 h - a +0 dagger (weapon)
Armour
 b - a +0 leather armour (worn)
Jewellery
 i - a ring of magical power (right hand)
Wands
 c - a wand of flame (15) (quivered)
 d - a wand of charming (15)
Scrolls
 m - a scroll of identify {unknown}
Potions
 g - a potion of lignification {unknown}
 j - a potion of might {unknown}
 k - a potion of invisibility {unknown}
 l - 2 potions of mutation {unknown}
Miscellaneous
 e - a piece from Xom's chessboard (14/15)


   Skills:
 - Level 0.8 Fighting
 + Level 1.5 Short Blades
 - Level 0.7 Armour
 - Level 2.2 Dodging
 + Level 3.0 Stealth
 - Level 2.7 Evocations


You had one spell level left.
You didn't know any spells.
Your spell library was empty.

Dungeon Overview and Level Annotations

Branches:
Dungeon (2/15)

Altars:
Ru


Innate Abilities, Weirdness & Mutations

Your natural rate of healing is accelerated.
You have razor-sharp teeth.
You have supernaturally acute eyesight. (SInv)
You are missing a hand.
You are afflicted with vampirism.


Message History

The adder is moderately wounded.
The adder bites you.
You are poisoned.
The adder poisons you!
You miss the adder.
The adder is moderately wounded.
You feel sick. The adder bites you but does no damage.
You barely miss the adder. You bite the adder.
The adder is moderately wounded.
You feel sick. The adder barely misses you.
You miss the adder.
The adder is moderately wounded.
You feel sick. The adder bites you. The adder bites you but does no damage.
You hit the adder but do no damage. Your bite misses the adder.
The adder is moderately wounded.
You feel sick.
You are no longer poisoned.
The adder bites you.
You are poisoned.
The adder poisons you!
You hit the adder but do no damage. Your bite misses the adder.
The adder is moderately wounded.
You feel sick. The adder bites you but does no damage.
You barely miss the adder.
The adder is moderately wounded.
You feel sick. The adder barely misses you.
You hit the adder but do no damage.
The adder is moderately wounded.
You feel sick. The adder bites you but does no damage.
You closely miss the adder.
The adder is moderately wounded.
You feel sick.
You are no longer poisoned.
The adder bites you.
* * * LOW HITPOINT WARNING * * *
The adder misses you.
Okay, then.
You make a move on Xom's chessboard...
The adder struggles to resist.
The adder bites you.
You die...

# .. .# ##
.♣#♣...
#♣.....♣
#...... #
######♣..♣.♣..♣
#.@S..........#
#†####♣..♣.♣..
#.# #...r...#
#.# #♣.....♣#
## #.# #♣#♣...
#.. #.# ##
###...#.#######
..............#
............#.#


You could see an adder.

Vanquished Creatures
  A dart slug (D:1)
  An endoplasm (D:2)
  A giant cockroach (D:1)
  2 hobgoblins (D:1)
  A ball python (D:2)
  3 bats (D:1)
  A frilled lizard (D:1)
  3 kobolds (D:1)
  3 rats (D:1)
16 creatures vanquished.

Notes
Turn   | Place    | Note
-------+----------+-------------------------------------------
     0 | D:1      | shoop the Vampire Artificer began the quest for the Orb.
     0 | D:1      | Reached XP level 1. HP: 14/14 MP: 1/1
   141 | D:1      | Reached skill level 2 in Stealth
   237 | D:1      | Reached skill level 1 in Short Blades
   386 | D:1      | Reached XP level 2. HP: 20/20 MP: 2/2
   509 | D:1      | Found a faded altar of an unknown god.
   520 | D:1      | Prayed at the altar of an unknown god.
   520 | D:1      | Became a worshipper of Ru the Awakened
   548 | D:1      | Gained mutation: You are missing a hand. [Ru sacrifice]
   548 | D:1      | Reached * piety under Ru
   548 | D:1      | Reached ** piety under Ru
   548 | D:1      | Reached *** piety under Ru
   825 | D:2      | Reached skill level 3 in Stealth
   897 | D:2      | Slain by an adder

Illustrated notes

Levels and vault maps discovered:
D:1:      dpeg_arrival_three_smaller_balls, layout_basic,
          hellmonk_ecumenical_altar_pennies_from_heaven
D:2:      layout_loops_ring, serial_forest, infiniplex_forest_pool,
          infiniplex_forest_corner_1, infiniplex_forest_lined_4_way,
          infiniplex_forest_straight_3, infiniplex_forest_lined_3,
          infiniplex_forest_lined_ring, infiniplex_forest_split,
          infiniplex_forest_lined_3

Skill      XL: |  1  2 |
---------------+-------+-----
Stealth        | 2 3 |  3.0
Short Blades   | 1 |  1.5
Fighting       | |  0.8
Armour         | |  0.7
Dodging        | |  2.2
Evocations     | |  2.7

Action                   || total
-------------------------++-------
Melee: Short sword       ||    21
       Club              ||    11
       Dagger            ||    47
       Bite              ||     4
Invok: Sacrifice a Hand  ||     1
Evoke: Piece from Xom's  ||     1
 Stab: Sleeping          ||     2
Armor: Leather armour    ||    27
Dodge: Dodged            ||    52

Table legend: (Time is in decaauts)
 A = Elapsed time spent in this place.
 B = Non-inter-level travel time spent in this place.
 C = Inter-level travel time spent in this place.
 D = Time resting spent in this place.
 E = Time spent auto-exploring this place.
 F = Levels seen in this place.
 G = Mean time per level.
                   A        B        C        D        E       F      G
               +--------+--------+--------+--------+--------+-----+--------+
         Total |    898 |    851 |     47 |      0 |    647 |   2 |  449.0 |
       Dungeon |    898 |    851 |     47 |      0 |    647 |   2 |  449.0 |
               +--------+--------+--------+--------+--------+-----+--------+

Top non-repeatable levels by time:
     D:1: 805 daAuts
     D:2: 93 daAuts
